 Dungeon Crawl Stone Soup version 0.31-a0-237-g2d982f9f85 (webtiles) character file.

Game seed: 17808498324218701277

128 qw the Shooter (level 5, -1/30 HPs)
             Began as a Gargoyle Hexslinger on July 10, 2023.
             Slain by an orc
             ... wielding a +0 hand axe
              (3 damage)
             ... on level 3 of the Dungeon.
             The game lasted 00:01:00 (1989 turns).

qw the Shooter (Gargoyle Hexslinger)                Turns: 1989, Time: 00:01:01

Health: -1/30      AC:  8    Str: 18    XL:     5   Next: 12%
Magic:  6/6        EV: 11    Int: 13    God:
Gold:   98         SH:  0    Dex: 14    Spells: 5/6 levels left

rFire   . . .        Y - +1 sling
rCold   + + .        (no shield)
rNeg    + . .        f - +0 leather armour
rPois   inf          (no helmet)
rElec   +            c - +0 cloak
rCorr   .            (no gloves)
SInv    .            (no boots)
Will    .....        (no amulet)
Stlth   +            g - ring "Moseu" {rElec rC++ Str+6}
HPRegen 0.25/turn    (no ring)
MPRegen 0.10/turn

%: no passive effects
@: no status effects
A: sickness immunity, AC +4, negative energy resistance 1, electricity
resistance, torment resistance 1, petrification resistance
a: no special abilities


You were on level 3 of the Dungeon.
You visited 1 branch of the dungeon, and saw 3 of its levels.

You collected 156 gold pieces.
You spent 58 gold pieces at shops.


Innate Abilities, Weirdness & Mutations

You are immune to sickness and miasma.
Your stone body is resilient. (AC +4)
You are immune to poison.
You resist negative energy. (rN+)
You are resistant to electric shocks. (rElec)
You are resistant to unholy torment.
You are immune to petrification.


   Skills:
 - Level 2.0 Fighting
 + Level 4.9 Ranged Weapons
 - Level 1.5 Dodging
 - Level 1.0 Spellcasting
 - Level 2.6 Hexes


You had 5 spell levels left.
You knew the following spells:

 Your Spells              Type           Power      Damage    Failure   Level
a - Slow                  Hex            28%        N/A       11%         1

Your spell library contained the following spells:

 Spells                   Type           Power      Damage    Failure   Level
 Inner Flame              Hex/Fire       4%         N/A       50%         3
 Portal Projectile        Hex/Tloc       8%         N/A       50%         3
 Cause Fear               Hex            3%         N/A       73%         4

Inventory:

Hand Weapons
 Y - a +1 sling (weapon)
Armour
 c - a +0 cloak (worn)
 f - a +0 leather armour (worn)
 k - a +0 helmet
Jewellery
 g - the ring "Moseu" (left hand) {rElec rC++ Str+6}
   (You found it on level 2 of the Dungeon)

   [ring of strength]

   Str:       It affects your strength (+6).
   rC:        It greatly protects you from cold.
   rElec:     It insulates you from electricity.
Scrolls
 h - a scroll of enchant armour {unknown}
Potions
 a - a potion of cancellation {unknown}
 b - a potion of attraction {unknown}
 d - 2 potions of curing
 e - a potion of mutation {unknown}
 i - a potion of brilliance {unknown}
 j - a potion of ambrosia {unknown}

Dungeon Overview and Level Annotations

Branches:
Dungeon (3/15)

Altars:

Shops:
D:1 [*:


Message History

The quokka bites you but does no damage.
The orc hits you but does no damage.
You shoot a sling bullet.
The sling bullet closely misses the quokka.
The sling bullet closely misses the orc.
The quokka barely misses you.
You shoot a sling bullet.
The sling bullet closely misses the quokka.
The sling bullet barely misses the orc.
The quokka barely misses you. The orc barely misses you.
The quokka bites you but does no damage.
You shoot a sling bullet.
The sling bullet barely misses the quokka.
The orc barely misses you. The orc hits you with a +0 hand axe.
The quokka bites you but does no damage.
You shoot a sling bullet. The sling bullet hits the quokka.
You kill the quokka!
The orc hits you but does no damage. The orc hits you with a +0 hand axe. x2
The orc barely misses you.
You shoot a sling bullet. The sling bullet hits the orc.
The orc is heavily wounded.
The orc hits you with a +0 hand axe. The orc hits you but does no damage.
You shoot a sling bullet.
The sling bullet closely misses the orc.
The orc closely misses you. The orc misses you.
You shoot a sling bullet. The sling bullet hits the orc.
You kill the orc!
The orc closely misses you.
You shoot a sling bullet.
The sling bullet hits the orc but does no damage.
The orc hits you with a +0 hand axe.
You shoot a sling bullet.
The sling bullet hits the orc but does no damage.
The orc hits you with a +0 hand axe. The orc hits you but does no damage.
You shoot a sling bullet. The sling bullet barely misses the orc.
The orc hits you but does no damage.
You shoot a sling bullet. The sling bullet hits the orc.
The orc is severely wounded.
The orc hits you with a +0 hand axe.
You die...

# ##### ### # #...# #.. # #...# )
#.#
########.>.#########..<.#######.#
'...............@%...............
################o)....#########.#
# #......# #.. # #......# ### #
#......# # ###....# # ....# #
....# # #........#


You could see an orc.

Vanquished Creatures
  5 adders
  3 dart slugs
  3 orcs (D:3)
  8 endoplasms
  A giant cockroach (D:2)
  5 hobgoblins
  11 jackals
  5 kobolds
  4 quokkas
  10 ball pythons
  4 bats
  4 frilled lizards (D:2)
  3 goblins
  3 rats
69 creatures vanquished.

Notes
Turn   | Place    | Note
-------+----------+-------------------------------------------
     0 | D:1      | qw the Gargoyle Hexslinger began the quest for the Orb.
     0 | D:1      | Reached XP level 1. HP: 12/12 MP: 2/2
     0 | D:1      | 0 ||| qw: Version: 0.3-a-52-g30416fa
     0 | D:1      | 0 ||| qw: Game counter: 5022
     0 | D:1      | 0 ||| qw: Melee chars always use a shield: true
     0 | D:1      | 0 ||| qw: God list: Okawaru
     0 | D:1      | 0 ||| qw: Allow faded altars: false
     0 | D:1      | 0 ||| qw: Do Orc after clearing Dungeon:15 true
     0 | D:1      | 0 ||| qw: Do second Lair branch before Depths: true
     0 | D:1      | 0 ||| qw: Lair rune preference: random
     0 | D:1      | 0 ||| qw: Goals: Normal
     0 | D:1      | 0 ||| PLANNING D:1-11
   100 | D:1      | Reached XP level 2. HP: 16/16 MP: 3/3
   109 | D:1      | Found Unavvunu's Book Shop.
   146 | D:1      | Found Gudawn's General Store.
   149 | D:1      | 149 ||| SHOPLISTING +0 ring mail (52 gold, have 43).
   149 | D:1      | 149 ||| SHOPLISTING potion of cancellation (104 gold, have
                  | 43).
   272 | D:1      | 272 ||| UPGRADING to +0 leather armour.
   284 | D:1      | Reached skill level 3 in Ranged Weapons
   284 | D:1      | 284 ||| DROPPING +0 robe.
   288 | D:1      | Found Kuleli Inai's Armour Boutique.
   305 | D:1      | 305 ||| BUYING +0 cloak (58 gold).
   305 | D:1      | Bought a +0 cloak for 58 gold pieces
   305 | D:1      | 305 ||| SHOPLISTING +0 helmet (58 gold, have 1).
   305 | D:1      | 305 ||| SHOPLISTING +0 ring mail (52 gold, have 1).
   305 | D:1      | 305 ||| SHOPLISTING +2 leather armour of willpower (247
                  | gold, have 1).
   305 | D:1      | 305 ||| UPGRADING to +0 cloak.
   514 | D:1      | Reached XP level 3. HP: 21/21 MP: 4/4
   602 | D:1      | 602 ||| READING scroll labelled VAIVUF BADUCS.
   618 | D:1      | 618 ||| READING scroll labelled ALUFAO TOHAVIL.
   623 | D:1      | 623 ||| READING scroll labelled ELEON ISTRUPLA.
   624 | D:1      | 624 ||| DROPPING scroll of poison.
   662 | D:2      | 662 ||| STAIRDANCE
   968 | D:2      | Reached XP level 4. HP: 26/26 MP: 5/5
   972 | D:2      | Identified the ring "Moseu" {rElec rC++ Str+6}
  1251 | D:2      | Reached skill level 4 in Ranged Weapons
  1513 | D:2      | 1513 ||| UPGRADING to ring "Moseu" {rElec rC++ Str+6}.
  1514 | D:2      | 1514 ||| READING 2 scrolls labelled YTUSAHE SIFE.
  1515 | D:2      | 1515 ||| READING scroll labelled JIFOSI QAGO.
  1516 | D:2      | 1516 ||| DRINKING 2 yellow potions.
  1517 | D:2      | 1517 ||| DROPPING scroll of immolation.
  1669 | D:3      | 1669 ||| Stepping ~*~*~tactically~*~*~ (outnumbered).
  1861 | D:3      | Reached XP level 5. HP: 30/30 MP: 6/6
  1986 | D:3      | HP: 6/30 [orc/+0 hand axe (5)]
  1987 | D:3      | HP: 1/30 [orc/+0 hand axe (5)]
  1989 | D:3      | Slain by an orc

Levels and vault maps discovered:
D:1:      lemuel_arrival_room, layout_loops_cross, serial_shops,
          nicolae_shop_window_shopping,
          nicolae_shop_temple_entry_statues_fountains,
          nicolae_shop_window_shopping, solitary_fountain
D:2:      layout_basic, nicolae_elevator_lobby_plus
D:3:      layout_basic, lemuel_doored_altar

Skill      XL: |  1  2  3  4 |
---------------+-------------+-----
Ranged Weapons | 3 4 |  4.9
Fighting       | 2 |  2.0
Dodging        | |  1.5
Spellcasting   | |  1.0
Hexes          | |  2.6

Action                     |  1- 3 |  4- 6 || total
---------------------------+-------+-------++-------
   Fire: Sling             |   116 |   145 ||   261
    Use: Scroll            |     3 |     2 ||     5
         Potion            |       |     1 ||     1
 Armour: Robe              |     1 |       ||     1
         Leather armour    |    33 |    75 ||   108
  Dodge: Dodged            |    39 |    81 ||   120

Table legend:
 A = Non-vault XP
 B = Vault XP
 C = Vault XP percentage of total XP
 D = Non-vault monster count
 E = Vault monster count
 F = Vault count percentage of total count
                 A         B        C        D         E       F
            +---------+---------+-------+---------+---------+-------
      Total |     184 |       0 |   0.0 |      69 |       0 |   0.0
            +---------+---------+-------+---------+---------+-------
        D:1 |      40 |       0 |   0.0 |      24 |       0 |   0.0
        D:2 |      66 |       0 |   0.0 |      26 |       0 |   0.0
        D:3 |      78 |       0 |   0.0 |      19 |       0 |   0.0
            +---------+---------+-------+---------+---------+-------
